AoeStats
← nosta24k

Black Forest

504611167Analyzed
4v4 RM · 27d ago on Sep 5, 2026· 35m 45s· 8 players
Game mode
Random Map
Map size
Large (8 player)
Population
200
Speed
Normal
Resources
Standard
Victory
Conquest
Starting age
Dark Age
Ending age
Imperial Age
RankedLock teamsTeams togetherTeam positionsShared explorationLock speedFull tech treeHidden civsTurbo modeCheats
Victory
Defeat
🇦🇺 Mongols · Australia
1052
+15
🇸🇮 Poles · Slovenia
1044
+15
🇬🇧 Britons · United Kingdom
1041
+15
🇺🇸 Malians · United States
1025
+16
🇺🇸 Japanese · United States
1081
-17
🇨🇱 Franks · Chile
1054
-16
🇺🇸 Bohemians · United States
1037
-16
🇨🇴 Britons · Colombia
940
-12
xunil
0:58 Loom
14:11 Feudal Age
19:09 Castle Age
17:18 Stone Mining
17:35 Horse Collar
20:57 Fletching
24:21 Bodkin Arrow
27:44 Double-Bit Axe
28:46 Elite Skirmisher
30:47 Padded Archer Armor
Bigus Dicus
1:53 Loom
12:37 Feudal Age
14:06 Double-Bit Axe
18:29 Castle Age
19:51 Horse Collar
33:47 Imperial Age
32:10 Ballistics
31:37 Treadmill Crane
32:08 Fortified Wall
32:21 Heavy Plow
34:51 Masonry
35:48 Wheelbarrow
35:39 Conscription
Deksel-
11:25 Feudal Age
12:50 Double-Bit Axe
16:41 Castle Age
15:03 Horse Collar
21:03 Heavy Plow
22:11 Bow Saw
23:30 Wheelbarrow
26:43 Imperial Age
28:12 Szlachta Privileges
28:17 Scale Barding Armor
28:22 Forging
28:18 Cavalier
28:58 Husbandry
29:09 Bloodlines
30:04 Gold Mining
30:05 Stone Mining
31:17 Conscription
31:21 Chain Barding Armor
31:37 Iron Casting
35:21 Blast Furnace
TheSpider007917
0:28 Loom
14:05 Feudal Age
14:40 Double-Bit Axe
19:44 Castle Age
17:50 Padded Archer Armor
18:04 Forging
21:00 Stone Mining
21:51 Gold Mining
24:13 Fletching
24:24 Scale Mail Armor
32:09 Nomads
36:49 Wheelbarrow
36:00 Town Watch
Yoda
11:40 Feudal Age
16:06 Castle Age
15:52 Double-Bit Axe
19:39 Loom
20:36 Town Watch
21:31 Horse Collar
22:38 Wheelbarrow
27:29 Fletching
30:56 Bodkin Arrow
30:35 Pikeman
edixozambrano94
10:37 Feudal Age
11:16 Town Watch
12:50 Man-at-Arms
14:02 Double-Bit Axe
15:36 Horse Collar
19:38 Wheelbarrow
22:52 Castle Age
22:30 Forging
22:20 Scale Mail Armor
23:54 Hand Cart
24:15 Iron Casting
27:20 Long Swordsman
27:48 Gambesons
28:06 Squires
27:52 Arson
28:56 Town Patrol
31:16 Bloodlines
30:27 Light Cavalry
36:37 Imperial Age
Richicuc
0:34 Loom
1:21 Loom
10:09 Feudal Age
11:00 Horse Collar
13:58 Double-Bit Axe
19:03 Castle Age
17:30 Stone Mining
17:58 Gold Mining
20:21 Padded Archer Armor
25:34 Fletching
29:24 Heavy Plow
31:39 Wheelbarrow
31:36 Caravan
34:15 Bow Saw
34:26 Leather Archer Armor
34:13 Scale Mail Armor
nosta24k
0:52 Loom
17:23 Feudal Age
24:17 Forging
26:56 Castle Age
25:15 Scale Barding Armor
26:37 Double-Bit Axe
30:05 Caravan
33:29 Pikeman
34:09 Squires
34:49 Iron Casting
34:15 Scale Mail Armor
Connection lost

Rejoining the realm…

Still unreachable

The connection could not be restored.

Session expired

The server has moved on; the page needs a fresh start.